 Dungeon Crawl Stone Soup version 0.19-a0-1899-g2d93087 (webtiles) character file.

522 Sagittaire the Slinger (level 7, -3/44 HPs)
             Began as a Halfling Warper on Oct 19, 2016.
             Shot with an arrow by a centaur (5 damage)
             ... on level 5 of the Dungeon.
             The game lasted 00:05:36 (4249 turns).

Sagittaire the Slinger (Halfling Warper)            Turns: 4249, Time: 00:05:37

Health: -3/44      AC: 10    Str: 14    XL:     7   Next: 46%
Magic:  9/9        EV: 12    Int: 11    God:
Gold:   48         SH:  0    Dex: 14    Spells: 3 memorised, 2 levels left

rFire  . . .     SeeInvis .     b - +1 hunting sling (chaos)
rCold  . . .     Gourm    .     g - +0 scale mail
rNeg   . . .     Faith    .     (shield restricted)
rPois  .         Spirit   .     (no helmet)
rElec  .         Reflect  .     m - +0 cloak
rCorr  .         Harm     .     o - +1 pair of gloves
MR     .....                    w - +0 pair of boots
Stlth  ..........               (no amulet)
                                (no ring)
                                (no ring)

@: no status effects
A: mutation resistance 1
a: no special abilities


You were on level 5 of the Dungeon.
You were not hungry.

You visited 1 branch of the dungeon, and saw 5 of its levels.

You collected 235 gold pieces.
You spent 187 gold pieces at shops.

Inventory:

Hand Weapons
 a - a +1 dagger of draining
 b - a +1 hunting sling of chaos (weapon)
 i - the +0 hand crossbow of Sumorpho {venom, MR++ Stlth-}
   (You bought it in a shop on level 4 of the Dungeon)

   It poisons the ammo it fires.
   It affects your resistance to hostile enchantments.
   It makes you less stealthy.
 j - a +0 falchion
 y - a +1 vampiric falchion
Missiles
 e - 5 tomahawks of dispersal
 p - 2 throwing nets
 s - 148 stones (quivered)
 t - 31 sling bullets
Armour
 g - a +0 scale mail (worn)
 m - a +0 cloak (worn)
 o - a +1 pair of gloves (worn)
 r - a +0 leather armour
 w - a +0 pair of boots (worn)
Wands
 q - a wand of lightning (15/15)
Scrolls
 d - a scroll of blinking
 l - a scroll of teleportation
 A - 2 scrolls of fear
Potions
 k - a potion of cure mutation {unknown}
 n - a potion of brilliance
 v - a potion of ambrosia
 x - a potion of heal wounds
 z - a potion of curing
Books
 c - a book of Spatial Translocations

   Spells                             Type                      Level
   a - Blink                          Translocation                2
   b - Shroud of Golubria             Charms/Translocation         2
   c - Lesser Beckoning               Translocation                3
   d - Portal Projectile              Translocation                3
   e - Teleport Other                 Translocation                3
   f - Passage of Golubria            Translocation                4
Comestibles
 f - 5 bread rations
 h - a beef jerky


   Skills:
 - Level 1.7 Fighting
 - Level 3.3 Long Blades
 * Level 9.0(9.1) Slings
 - Level 1.0(4.0) Throwing
 - Level 2.0 Armour
 - Level 3.0 Dodging
 - Level 1.5 Spellcasting
 - Level 3.2 Translocations


You had 2 spell levels left.
You knew the following spells:

 Your Spells              Type           Power        Failure   Level  Hunger
b - Blink                 Tloc           N/A          56%         2    ###....
c - Shroud of Golubria    Chrm/Tloc      #.........   88%         2    ###....
n - Portal Projectile     Tloc           #.....       90%         3    ####...


Dungeon Overview and Level Annotations

Branches:
Dungeon (5/15)
 Temple: D:4-7

Altars:
Okawaru
Qazlal
Trog

Shops:
D:4 *


Innate Abilities, Weirdness & Mutations

You are small and have problems with some larger weapons.
You are somewhat resistant to further mutation.


Message History

Firing (i - inventory. (,) - cycle):
s - 150 stones (quivered)
Press: ? - help, Shift-Dir - straight line, f/p - centaur
Aim: a centaur, wielding a shortbow (moderately wounded, fast)
You shoot a stone. The stone closely misses the centaur.
The orc shouts!
The centaur shoots an arrow.
The arrow hits you.
Firing (i - inventory. (,) - cycle):
s - 149 stones (quivered)
Press: ? - help, Shift-Dir - straight line, f/p - centaur
Aim: a centaur, wielding a shortbow (moderately wounded, fast)
You shoot a stone. The stone hits the centaur.
The centaur is heavily wounded.
The centaur shoots an arrow.
The arrow misses you.
The centaur shoots an arrow.
The arrow hits you!
* * * LOW HITPOINT WARNING * * *
The centaur shoots an arrow.
The arrow closely misses you.
You see here an arrow.
The centaur shoots an arrow.
The arrow hits you!
* * * LOW HITPOINT WARNING * * *
The centaur shoots an arrow.
The arrow hits you.
You die...

#..........##### #
#..............#####
#...................
#.........>........#
##.............##..#
#.........######..#
##........# #..#
##(.......# ##.#
##(@.......# #.#
#(##.......# #.#
#..###......# #.#
o..## #...#### #.#
....# ##### #####.#
...... #####..##..
((c..#
####.......#.. .....
###.............
....#
#...............


You could see a centaur and an orc wizard.

Vanquished Creatures
  An ice beast (D:4)
  2 phantoms
  2 orc priests (D:4)
  A worker ant (D:5)
  8 adders
  A worm (D:4)
  4 dart slugs (D:1)
  A leopard gecko (D:3)
  12 orcs
  7 bats
  3 giant cockroaches
  10 goblins
  7 hobgoblins
  5 jackals
  7 kobolds
  A quokka (D:3)
  2 ball pythons (D:1)
  3 frilled lizards
  12 rats
89 creatures vanquished.

Notes
Turn   | Place    | Note
-------+----------+-------------------------------------------
     0 | D:1      | Sagittaire the Halfling Warper began the quest for the Orb.
     0 | D:1      | Reached XP level 1. HP: 14/14 MP: 3/3
   328 | D:1      | Reached XP level 2. HP: 18/19 MP: 4/4
   602 | D:1      | Reached XP level 3. HP: 16/24 MP: 5/5
  1412 | D:2      | Reached XP level 4. HP: 29/29 MP: 6/6
  1892 | D:2      | Reached skill level 1 in Slings
  2405 | D:3      | Reached skill level 2 in Slings
  2837 | D:4      | Found an iron altar of Okawaru.
  2838 | D:4      | Found Joahiat's Assorted Antiques.
  2841 | D:4      | Bought an encrusted hand crossbow for 187 gold pieces
  2841 | D:4      | Identified the cursed +0 hand crossbow of Sumorpho {venom, MR++ Stlth-} (You bought it in a shop on level 4 of the Dungeon)
  2870 | D:4      | Reached skill level 3 in Slings
  2870 | D:4      | Reached XP level 5. HP: 34/34 MP: 7/7
  2984 | D:4      | Reached skill level 4 in Slings
  3135 | D:4      | Found a stormy altar of Qazlal.
  3250 | D:4      | Noticed a moth of wrath
  3253 | D:4      | Found a bloodstained altar of Trog.
  3300 | D:4      | Learned a level 3 spell: Portal Projectile
  3571 | D:4      | Learned a level 2 spell: Blink
  3574 | D:4      | Learned a level 2 spell: Shroud of Golubria
  3641 | D:4      | Reached skill level 5 in Slings
  3641 | D:4      | Reached XP level 6. HP: 39/39 MP: 8/8
  3667 | D:4      | Noticed a phantom
  3694 | D:4      | Killed a phantom
  3694 | D:4      | Reached skill level 6 in Slings
  3703 | D:4      | Noticed an ice beast
  3714 | D:4      | Reached skill level 7 in Slings
  3718 | D:4      | Killed an ice beast
  3718 | D:4      | Reached skill level 8 in Slings
  3718 | D:4      | Reached XP level 7. HP: 38/44 MP: 9/9
  3930 | D:5      | Entered Level 5 of the Dungeon
  4074 | D:5      | Reached skill level 9 in Slings
  4249 | D:5      | HP: 2/44 [centaur/arrow (8)]
  4249 | D:5      | Shot with an arrow by a centaur

Vault maps used:
D:1:      dpeg_arrival_simpleton_c, minmay_tall_x
D:2:      first_bread, small_statue_intersection
D:4:      tgw_trog, lemuel_crystal_altar, kennysheep_mini, serial_shops,
          nicolae_shop_stone, minmay_tree_intersection
D:5:      nicolae_overflow_crystal_walls

Skill      XL: |  1  2  3  4  5  6  7 |
---------------+----------------------+-----
Long Blades    | 3 |  3.3
Armour         | 2 |  2.0
Dodging        | 3 |  3.0
Slings         | 3 5 8 9 |  9.0
Fighting       | |  1.7
Throwing       | |  1.0
Spellcasting   | |  1.5
Translocations | |  3.2

Action                   |  1- 3 |  4- 6 |  7- 9 || total
-------------------------+-------+-------+-------++-------
Melee: Falchion          |   131 |    26 |       ||   157
       Dagger            |       |    69 |       ||    69
 Fire: Hunting sling     |       |   104 |    56 ||   160
Throw: Throwing net      |       |     2 |       ||     2
 Cast: Portal Projectile |       |     1 |       ||     1
  Use: Scroll            |     5 |     4 |     1 ||    10
       Potion            |       |     6 |       ||     6
  Eat: Bread ration      |     1 |     1 |     1 ||     3
Armor: Scale mail        |    44 |    36 |     7 ||    87
       Leather armour    |     2 |       |       ||     2
Dodge: Dodged            |   111 |    80 |     6 ||   197
       Rpst.: Falchion   |    27 |     5 |       ||    32
